[ AOE2 MATCH · #513846658 ]
UnrankedShu vs Burmese
Player's team · WIN
Rival team · LOSS
[ REPLAY ANALYSIS · EXTRACTED FROM THE RECORDED GAME ]
Feudal
9:26
Castle
22:17
Imperial
40:57
| APM avg | 43.8 |
| APM peak | 106 |
| eAPM avg | 21.0 |
| Villagers / military | 161 / 108 |
Focus
⚔️ 34.0% · 🌾 66.0%
White Feather Guard ×39 · Unknown (1944) ×32 · Spearman ×30 · Archer ×21 · Monk ×5 · Traction Trebuchet ×5
Feudal
10:16
Castle
22:57
Imperial
39:27
| APM avg | 64.2 |
| APM peak | 141 |
| eAPM avg | 40.4 |
| Villagers / military | 109 / 120 |
Focus
⚔️ 66.3% · 🌾 33.7%
Knight ×88 · Skirmisher ×8 · Monk ×6 · Mangonel ×6 · Militia ×4 · Scorpion ×3
Match map
Initial resources + every placement click. Lines = walls · curves = elevation contours. ◆ gold · ⬟ stone · ● berries · ✦ relic · ◌ wall gap
Your base· Open — opponent sealed themselves in
hclay93's base· ✓ Closed at 22:57 · 68t walls · no gate
Smoothed initial terrain · ◌ = detected wall gap · hover for details
Inputs per minute
— Ijusttry09 - - hclay93
Build order — Ijusttry09
First 150 of 487 actions detected
| 0:02 | Queue | Villager (Male) |
| 0:02 | Queue | Villager (Male) |
| 0:03 | Build | House |
| 0:04 | Build | House |
| 0:32 | Queue | Villager (Male) |
| 0:32 | Queue | Villager (Male) |
| 0:32 | Queue | Villager (Male) |
| 1:28 | Queue | Villager (Male) |
| 1:29 | Queue | Villager (Male) |
| 1:29 | Queue | Villager (Male) |
| 1:55 | Build | Lumber Camp |
| 2:10 | Queue | Villager (Male) |
| 2:10 | Queue | Villager (Male) |
| 2:11 | Queue | Villager (Male) |
| 2:21 | Queue | Villager (Male) |
| 2:21 | Queue | Villager (Male) |
| 2:56 | Queue | Villager (Male) |
| 2:57 | Queue | Villager (Male) |
| 3:16 | Build | House |
| 3:19 | Queue | Villager (Male) |
| 3:19 | Queue | Villager (Male) |
| 3:50 | Queue | Villager (Male) |
| 3:51 | Queue | Villager (Male) |
| 4:11 | Queue | Villager (Male) |
| 4:11 | Queue | Villager (Male) |
| 4:31 | Queue | Villager (Male) |
| 4:32 | Queue | Villager (Male) |
| 5:03 | Queue | Villager (Male) |
| 5:03 | Queue | Villager (Male) |
| 5:03 | Queue | Villager (Male) |
| 5:21 | Build | Palisade Wall |
| 5:36 | Build | Barracks |
| 5:53 | Queue | Villager (Male) |
| 5:54 | Queue | Villager (Male) |
| 6:31 | Build | House |
| 6:49 | Research | Loom |
| 7:16 | Research | Feudal Age |
| 7:19 | Build | Lumber Camp |
| 7:54 | Build | Mining Camp |
| 7:56 | Queue | Militia |
| 7:57 | Queue | Militia |
| 7:57 | Queue | Militia |
| 8:14 | Build | Palisade Wall |
| 8:15 | Build | Palisade Wall |
| 8:20 | Build | Palisade Wall |
| 8:21 | Build | Palisade Wall |
| 8:24 | Build | Palisade Wall |
| 8:27 | Build | Palisade Wall |
| 8:28 | Build | Palisade Wall |
| 8:28 | Build | Palisade Wall |
| 8:29 | Build | Palisade Wall |
| 8:48 | Queue | Militia |
| 8:59 | Build | House |
| 9:26 | Age | Feudal Age |
| 9:28 | Queue | Villager (Male) |
| 9:28 | Queue | Villager (Male) |
| 9:33 | Build | Archery Range |
| 9:35 | Build | Blacksmith |
| 9:44 | Queue | Villager (Male) |
| 9:53 | Research | Man-at-Arms (upgrade) |
| 10:00 | Queue | Villager (Male) |
| 10:32 | Queue | Villager (Male) |
| 10:48 | Build | House |
| 10:49 | Build | House |
| 11:04 | Build | House |
| 11:11 | Build | House |
| 11:20 | Queue | Villager (Male) |
| 11:27 | Build | Mill |
| 11:34 | Queue | Archer |
| 11:56 | Queue | Archer |
| 12:01 | Build | House |
| 12:05 | Build | Palisade Wall |
| 12:05 | Build | Palisade Wall |
| 12:16 | Queue | Villager (Male) |
| 12:20 | Build | Farm |
| 12:21 | Build | Farm |
| 12:24 | Build | Farm |
| 12:27 | Build | Farm |
| 12:37 | Queue | Archer |
| 12:41 | Queue | Villager (Male) |
| 12:44 | Build | Farm |
| 12:51 | Build | Palisade Wall |
| 13:05 | Queue | Villager (Male) |
| 13:09 | Build | House |
| 13:18 | Build | Farm |
| 13:19 | Queue | Archer |
| 13:32 | Queue | Villager (Male) |
| 13:43 | Build | Market |
| 13:47 | Queue | Villager (Male) |
| 13:56 | Queue | Skirmisher |
| 14:09 | Research | Double-Bit Axe |
| 14:09 | Research | Double-Bit Axe |
| 14:14 | Build | Palisade Wall |
| 14:24 | Queue | Villager (Male) |
| 14:42 | Research | Fletching |
| 14:53 | Queue | Archer |
| 14:57 | Build | Farm |
| 14:57 | Queue | Villager (Male) |
| 14:58 | Queue | Villager (Male) |
| 15:18 | Queue | Villager (Male) |
| 15:22 | Build | Palisade Wall |
| 15:30 | Build | Lumber Camp |
| 15:31 | Queue | Villager (Male) |
| 15:37 | Queue | Archer |
| 16:06 | Research | Horse Collar |
| 16:07 | Queue | Archer |
| 16:08 | Queue | Villager (Male) |
| 16:22 | Build | Farm |
| 16:33 | Build | Palisade Wall |
| 16:41 | Queue | Villager (Male) |
| 16:42 | Queue | Archer |
| 17:01 | Build | Farm |
| 17:04 | Build | Farm |
| 17:06 | Research | Wheelbarrow |
| 17:23 | Queue | Archer |
| 17:29 | Build | Farm |
| 17:46 | Queue | Villager (Male) |
| 18:44 | Queue | Villager (Male) |
| 18:48 | Build | Stable |
| 19:00 | Queue | Villager (Male) |
| 19:03 | Build | Farm |
| 19:06 | Build | House |
| 19:37 | Research | Castle Age |
| 19:46 | Build | Farm |
| 19:49 | Build | Palisade Gate |
| 20:08 | Build | Stable |
| 20:11 | Build | Farm |
| 20:18 | Research | Scale Barding Armor |
| 20:36 | Research | Gold Mining |
| 20:43 | Build | Farm |
| 21:40 | Build | House |
| 21:43 | Build | Palisade Wall |
| 22:05 | Build | Farm |
| 22:10 | Build | Farm |
| 22:13 | Build | Farm |
| 22:17 | Age | Castle Age |
| 22:18 | Queue | Unit 1944 |
| 22:18 | Queue | Unit 1944 |
| 22:21 | Research | Crossbowman (upgrade) |
| 22:22 | Research | Bodkin Arrow |
| 22:23 | Queue | Villager (Male) |
| 22:27 | Research | Bow Saw |
| 22:43 | Queue | Villager (Male) |
| 22:48 | Queue | Unit 1944 |
| 22:48 | Queue | Unit 1944 |
| 23:12 | Queue | Archer |
| 23:19 | Queue | Villager (Male) |
| 23:37 | Queue | Unit 1944 |
| 23:37 | Queue | Unit 1944 |
| 23:38 | Queue | Archer |
Build order — hclay93
First 150 of 385 actions detected
| 0:01 | Queue | Villager (Male) |
| 0:01 | Queue | Villager (Male) |
| 0:02 | Queue | Villager (Male) |
| 0:02 | Build | House |
| 0:03 | Build | House |
| 0:16 | Queue | Villager (Male) |
| 0:17 | Queue | Villager (Male) |
| 1:26 | Queue | Villager (Male) |
| 1:26 | Queue | Villager (Male) |
| 1:53 | Build | Lumber Camp |
| 1:57 | Queue | Villager (Male) |
| 2:16 | Queue | Villager (Male) |
| 2:38 | Queue | Villager (Male) |
| 3:09 | Queue | Villager (Male) |
| 3:40 | Queue | Villager (Male) |
| 3:59 | Build | House |
| 4:06 | Queue | Villager (Male) |
| 4:27 | Queue | Villager (Male) |
| 4:37 | Build | Barracks |
| 4:46 | Queue | Villager (Male) |
| 4:59 | Build | House |
| 5:17 | Queue | Villager (Male) |
| 5:33 | Queue | Militia |
| 5:48 | Queue | Villager (Male) |
| 5:52 | Queue | Militia |
| 6:07 | Build | House |
| 6:15 | Queue | Villager (Male) |
| 6:19 | Queue | Militia |
| 6:31 | Queue | Villager (Male) |
| 6:36 | Build | Palisade Wall |
| 6:36 | Build | Palisade Wall |
| 6:48 | Build | Mill |
| 7:07 | Queue | Villager (Male) |
| 7:26 | Research | Loom |
| 7:26 | Research | Loom |
| 8:07 | Research | Feudal Age |
| 8:07 | Research | Feudal Age |
| 8:36 | Build | Mining Camp |
| 9:03 | Build | Palisade Wall |
| 9:41 | Build | Farm |
| 9:57 | Build | House |
| 10:00 | Build | Palisade Wall |
| 10:04 | Build | Palisade Wall |
| 10:06 | Build | Palisade Wall |
| 10:07 | Build | Palisade Wall |
| 10:12 | Build | House |
| 10:15 | Build | Palisade Wall |
| 10:16 | Age | Feudal Age |
| 10:19 | Research | Man-at-Arms (upgrade) |
| 10:19 | Research | Man-at-Arms (upgrade) |
| 10:28 | Build | Palisade Wall |
| 10:56 | Queue | Villager (Male) |
| 10:59 | Build | House |
| 11:16 | Build | Farm |
| 11:17 | Build | Farm |
| 11:17 | Build | Farm |
| 11:32 | Queue | Villager (Male) |
| 11:41 | Build | Palisade Wall |
| 11:50 | Queue | Villager (Male) |
| 11:51 | Build | Farm |
| 12:15 | Queue | Villager (Male) |
| 12:20 | Build | Archery Range |
| 12:32 | Build | Farm |
| 12:42 | Queue | Villager (Male) |
| 12:45 | Build | Palisade Wall |
| 13:09 | Queue | Villager (Male) |
| 13:18 | Queue | Skirmisher |
| 13:23 | Build | Palisade Wall |
| 13:25 | Queue | Villager (Male) |
| 13:39 | Queue | Skirmisher |
| 13:47 | Build | Lumber Camp |
| 13:57 | Build | Lumber Camp |
| 14:01 | Queue | Villager (Male) |
| 14:04 | Queue | Skirmisher |
| 14:16 | Build | House |
| 14:18 | Build | Palisade Wall |
| 14:20 | Queue | Villager (Male) |
| 14:22 | Queue | Skirmisher |
| 14:31 | Queue | Spearman |
| 14:38 | Queue | Villager (Male) |
| 14:50 | Queue | Skirmisher |
| 14:56 | Queue | Villager (Male) |
| 15:05 | Queue | Villager (Male) |
| 15:09 | Build | Palisade Wall |
| 15:13 | Build | Blacksmith |
| 15:24 | Queue | Militia |
| 15:25 | Queue | Spearman |
| 15:31 | Queue | Villager (Male) |
| 15:33 | Build | Farm |
| 15:54 | Queue | Villager (Male) |
| 15:56 | Build | House |
| 15:58 | Research | Fletching |
| 15:58 | Research | Fletching |
| 16:01 | Queue | Skirmisher |
| 16:14 | Build | Farm |
| 16:15 | Build | Farm |
| 16:24 | Queue | Skirmisher |
| 16:28 | Build | Palisade Wall |
| 16:37 | Build | Palisade Wall |
| 16:50 | Queue | Villager (Male) |
| 16:52 | Build | Farm |
| 16:52 | Build | Farm |
| 17:06 | Build | House |
| 17:09 | Research | Wheelbarrow |
| 17:09 | Research | Wheelbarrow |
| 17:09 | Research | Wheelbarrow |
| 17:22 | Build | Palisade Wall |
| 17:42 | Build | Farm |
| 17:43 | Build | Farm |
| 17:52 | Queue | Skirmisher |
| 18:17 | Queue | Villager (Male) |
| 18:21 | Build | Farm |
| 18:21 | Build | Farm |
| 18:22 | Build | Farm |
| 18:23 | Build | Farm |
| 18:47 | Build | House |
| 19:26 | Build | Farm |
| 19:27 | Build | Farm |
| 19:27 | Queue | Villager (Male) |
| 19:49 | Queue | Villager (Male) |
| 19:50 | Build | Farm |
| 20:14 | Build | Farm |
| 20:17 | Research | Castle Age |
| 20:18 | Research | Castle Age |
| 20:22 | Build | Farm |
| 20:28 | Build | Archery Range |
| 20:28 | Build | Farm |
| 20:32 | Build | House |
| 20:32 | Build | House |
| 20:33 | Build | House |
| 20:43 | Build | Stable |
| 21:05 | Build | Lumber Camp |
| 21:11 | Build | House |
| 21:12 | Build | House |
| 21:13 | Build | House |
| 21:36 | Research | Horse Collar |
| 21:37 | Research | Horse Collar |
| 22:05 | Research | Scale Barding Armor |
| 22:06 | Research | Forging |
| 22:28 | Build | Stable |
| 22:51 | Research | Bloodlines |
| 22:51 | Research | Bloodlines |
| 22:57 | Age | Castle Age |
| 23:02 | Queue | Villager (Male) |
| 23:03 | Research | Town Watch |
| 23:07 | Queue | Knight ×5 |
| 23:14 | Build | Monastery |
| 23:19 | Queue | Villager (Male) |
| 23:24 | Build | House |
| 23:25 | Build | Palisade Wall |
Match timeline
| 4:37 | hclay93 · first_building Barracks |
| 5:21 | Ijusttry09 · wall_segment Palisade Wall x1 |
| 5:36 | Ijusttry09 · first_building Barracks |
| 6:36 | hclay93 · wall_segment Palisade Wall x1 |
| 6:36 | hclay93 · wall_segment Palisade Wall x1 |
| 8:14 | Ijusttry09 · wall_segment Palisade Wall x1 |
| 8:15 | Ijusttry09 · wall_segment Palisade Wall x1 |
| 8:20 | Ijusttry09 · wall_segment Palisade Wall x1 |
| 8:21 | Ijusttry09 · wall_segment Palisade Wall x1 |
| 8:24 | Ijusttry09 · wall_segment Palisade Wall x1 |
| 8:27 | Ijusttry09 · wall_segment Palisade Wall x1 |
| 8:28 | Ijusttry09 · wall_segment Palisade Wall x1 |
| 8:28 | Ijusttry09 · wall_segment Palisade Wall x1 |
| 8:29 | Ijusttry09 · wall_segment Palisade Wall x1 |
| 9:03 | hclay93 · wall_segment Palisade Wall x5 |
| 9:26 | Ijusttry09 · age_up feudal |
| 9:33 | Ijusttry09 · first_building Archery Range |
| 10:00 | hclay93 · wall_segment Palisade Wall x1 |
| 10:04 | hclay93 · wall_segment Palisade Wall x1 |
| 10:06 | hclay93 · wall_segment Palisade Wall x1 |
| 10:07 | hclay93 · wall_segment Palisade Wall x1 |
| 10:15 | hclay93 · wall_segment Palisade Wall x2 |
| 10:16 | hclay93 · age_up feudal |
| 10:28 | hclay93 · wall_segment Palisade Wall x1 |
| 11:41 | hclay93 · wall_segment Palisade Wall x9 |
| 12:05 | Ijusttry09 · wall_segment Palisade Wall x6 |
| 12:05 | Ijusttry09 · wall_segment Palisade Wall x1 |
| 12:20 | hclay93 · first_building Archery Range |
| 12:45 | hclay93 · wall_segment Palisade Wall x1 |
| 12:51 | Ijusttry09 · wall_segment Palisade Wall x3 |
| 13:23 | hclay93 · wall_segment Palisade Wall x10 |
| 14:14 | Ijusttry09 · wall_segment Palisade Wall x11 |
| 14:18 | hclay93 · wall_segment Palisade Wall x3 |
| 15:09 | hclay93 · wall_segment Palisade Wall x1 |
| 15:22 | Ijusttry09 · wall_segment Palisade Wall x5 |
| 16:28 | hclay93 · wall_segment Palisade Wall x9 |
| 16:33 | Ijusttry09 · wall_segment Palisade Wall x3 |
| 16:37 | hclay93 · wall_segment Palisade Wall x12 |
| 17:22 | hclay93 · wall_segment Palisade Wall x10 |
| 18:48 | Ijusttry09 · first_building Stable |
| 19:33 | Ijusttry09 · first_market_buy 100 food |
| 20:43 | hclay93 · first_building Stable |
| 21:43 | Ijusttry09 · wall_segment Palisade Wall x1 |
| 22:17 | Ijusttry09 · age_up castle |
| 22:57 | hclay93 · age_up castle |
| 23:14 | hclay93 · first_building Monastery |
| 23:25 | hclay93 · wall_segment Palisade Wall x1 |
| 25:31 | hclay93 · first_building Siege Workshop |
| 25:37 | Ijusttry09 · first_building Monastery |
| 27:38 | Ijusttry09 · first_building Siege Workshop |
| 34:18 | hclay93 · first_building Castle |
| 35:17 | hclay93 · wall_segment Palisade Wall x1 |
| 35:25 | Ijusttry09 · first_building Castle |
| 39:27 | hclay93 · age_up imperial |
| 40:57 | Ijusttry09 · age_up imperial |
| 42:24 | Ijusttry09 · first_market_sell 500 wood |
| 45:00 | hclay93 · resign |
[ AI ANALYSIS · 1 CREDIT ]
What really happened in this match?
Wolo.gg analyzes every decision: build order, eco, micro, common mistakes by bracket. Personalized analysis on WhatsApp or Discord in 30 seconds.
Civ guide
Shu
Perfil
Jugador #4674159